 Dungeon Crawl Stone Soup version 0.17.1-1-g73c8601 (webtiles) character file.

2 Implojin the Shield-Bearer (level 1, -4/22 HPs)
             Began as a Troll Fighter on Apr 4, 2016.
             Slain by a gnoll
             ... wielding a +0 halberd
              (15 damage)
             ... on level 2 of the Dungeon.
             The game lasted 00:00:25 (59 turns).

Implojin the Shield-Bearer (Troll Fighter)            Turns: 59, Time: 00:00:25

Health: -4/22      AC:  5    Str: 28    XL:     1   Next: 25%
Magic:  0/0        EV:  8    Int:  4    God:
Gold:   0          SH:  9    Dex:  9    Spells: 0 memorised, 0 levels left

rFire  . . .     SeeInvis .       - Unarmed
rCold  . . .     Clarity  .     a - +0 robe
rNeg   . . .     SustAt   .     b - +0 shield
rPois  .         Gourm    +     (helmet restricted)
rElec  .         Spirit   .     (no cloak)
rCorr  .         Warding  .     (gloves unavailable)
rMut   .         Stasis   .     (boots unavailable)
MR     .....                    (no amulet)
Stlth  +.........               (no ring)
                                (no ring)

@: mighty, lethally poisoned (-4 -> -6), not resistant to hostile enchantments,
very unstealthy
A: unfitting armour, claws 3, fast metabolism 3, gourmand, regeneration 2,
shaggy fur 1, tough skin 2
a: no special abilities


You were on level 2 of the Dungeon.
You were not hungry.

You visited 1 branch of the dungeon, and saw 2 of its levels.

Inventory:

Armour
 a - a +0 robe (worn)
 b - a +0 shield (worn)
Comestibles
 d - 2 bread rations


   Skills:
 - Level 2.4 Fighting
 - Level 2.4 Dodging
 - Level 2.4 Shields
 * Level 2.2 Unarmed Combat


You couldn't memorise any spells.
You didn't know any spells.

Dungeon Overview and Level Annotations

Branches:
Dungeon (2/15)

Altars:


Innate Abilities, Weirdness & Mutations

You are too large for most types of armour.
You have claws for hands.
Your metabolism is lightning-fast.
You like to eat raw meat.
You heal very quickly.
You are covered in fur (AC +1).
You have very tough skin (AC +2).


Message History

The kobold hits you but does no damage.
You are poisoned.
A gnoll comes into view. It is wielding a halberd.
You closely miss the goblin.
You feel sick.
The gnoll shouts!
You block the goblin's attack. You block the kobold's attack.
You scratch the goblin but do no damage.
You feel sick. You block the goblin's attack.
The kobold hits you with a dagger of venom.
The quokka bites you but does no damage.
The goblin closely misses you.
You feel sick.
You scratch the quokka.
The quokka is lightly wounded.
The quokka barely misses you. The goblin hits you with a dagger.
You feel sick. The quokka completely misses you.
You scratch the quokka.
The quokka is heavily wounded.
You block the quokka's attack.
You claw the goblin!
You kill the goblin!
The quokka misses you.
You miss the quokka.
The quokka is heavily wounded.
You feel sick. The quokka bites you.
* * * LOW HITPOINT WARNING * * *
You closely miss the kobold. You block the quokka's attack.
The kobold hits you but does no damage.
You are more poisoned.
The quokka bites you but does no damage.
Drink which item? (? for menu, Esc to quit)
You feel very mighty all of a sudden.
You feel sick. You block the kobold's attack. The quokka barely misses you.
Unknown command.
You claw the kobold!
You kill the kobold!
You feel sick. You block the quokka's attack.
The gnoll hits you from afar with a halberd!
Ouch! That really hurt!
You die...

#.........
#........#
#........#
#........#
#........######
##.............#
.......gg.......#
......###rg.....#
...%.. #@......#
..... #.......#
..... #.......#
.... #########
....


You could see 2 gnolls and a quokka.

Vanquished Creatures
  A goblin (D:2)
  2 kobolds
3 creatures vanquished.

Notes
Turn   | Place    | Note
--------------------------------------------------------------
     0 | D:1      | Implojin the Troll Fighter began the quest for the Orb.
     0 | D:1      | Reached XP level 1. HP: 22/22 MP: 0/0
    59 | D:2      | Slain by a gnoll

Action                   || total
-------------------------++-------
Melee: Unarmed           ||    11
  Use: Potion            ||     1

Table legend:
 A = Turns spent in this place as a percentage of turns spent in the entire game.
 B = Non-inter-level travel turns spent in this place as a percentage of non-inter-level travel turns spent in the entire game.
 C = Inter-level travel turns spent in this place as a percentage of turns spent in this place.
 D = Turns resting spent in this place as a percentage of non-inter-level travel turns spent in this place.
 E = Turns spent auto-exploring this place as a percentage of non-inter-level travel turns spent in this place.
 F = Non-inter-level travel turns spent in this place divided by the number of levels of this place that you've seen.
                   A       B       C       D       E      F
               +-------+-------+-------+-------+-------+----------------------
         Total | 100.0 | 100.0 |   0.0 |   0.0 |   0.0 |  30.5
       Dungeon | 100.0 | 100.0 |   0.0 |   0.0 |   0.0 |  30.5
               +-------+-------+-------+-------+-------+----------------------

Table legend:
 A = Kills in this place as a percentage of kills in entire the game.
 B = Kills by you in this place as a percentage of kills by you in the entire game.
 C = Kills by friends in this place as a percentage of kills by friends in the entire game.
 D = Other kills in this place as a percentage of other kills in the entire game.
 E = Experience gained in this place as a percentage of experience gained in the entire game.
 F = Experience gained in this place divided by the number of levels of this place that you have seen.
                   A       B       C       D       E      F
               +-------+-------+-------+-------+-------+----------------------
         Total | 100.0 | 100.0 |  -nan |  -nan | 100.0 |   1.5
       Dungeon | 100.0 | 100.0 |  -nan |  -nan | 100.0 |   1.5
               +-------+-------+-------+-------+-------+----------------------
